 Dungeon Crawl Stone Soup version 0.20-a0-492-g6327889 (webtiles) character file.

7273 MirrMurr the Basher (level 11, -3/56 HPs)
             Began as a Vine Stalker Berserker on Jan 15, 2017.
             Was a High Priest of Trog.
             Slain by a porcupine (6 damage)
             ... on level 9 of the Dungeon on Jan 16, 2017.
             The game lasted 00:16:50 (7910 turns).

MirrMurr the Basher (Vine Stalker Berserker)        Turns: 7910, Time: 00:16:51

Health: -3/56      AC: 11    Str: 20    XL:     11   Next: 12%
Magic:  0/12       EV: 11    Int:  7    God:    Trog [*****.]
Gold:   523        SH:  5    Dex: 17    Spells: 10/10 levels left

rFire    . . .     SeeInvis .   a - +5 morningstar (freeze)
rCold    . . .     Gourm    .   f - +1 scale mail
rNeg     . . .     Faith    .   v - +0 buckler
rPois    .         Spirit   +   (no helmet)
rElec    .         Reflect  .   (no cloak)
rCorr    .         Harm     .   p - +0 pair of gloves
MR       +....                  l - +0 pair of boots
Stlth    ..........             (no amulet)
Regen    0.5/turn               (no ring)
                                (no ring)

@: exhausted, slowed, very slow
A: fangs 3, regeneration 1, magic shield, antimagic bite, no potion heal 3, rot
immunity
a: Berserk, Trog's Hand, Brothers in Arms, Burn Spellbooks, Renounce Religion


You were on level 9 of the Dungeon.
You worshipped Trog.
Trog was extremely pleased with you.
You were hungry.

You visited 2 branches of the dungeon, and saw 10 of its levels.

You collected 523 gold pieces.

Inventory:

Hand Weapons
 a - a +5 morningstar of freezing (weapon)
Missiles
 e - 7 javelins (quivered)
 n - 22 poisoned needles
Armour
 f - a +1 scale mail (worn)
 l - a +0 pair of boots (worn)
 p - a +0 pair of gloves (worn)
 v - a +0 buckler (worn)
 F - the +4 chain mail of the Hunter {rElec rF- rC+ Str+3, unknown}
   (You found it on level 8 of the Dungeon)

   It affects your strength (+3).
   It makes you vulnerable to fire.
   It protects you from cold.
   It insulates you from electricity.
 H - a cursed +0 pair of gloves
Jewellery
 h - an uncursed ring of fire {unknown}
 j - an uncursed ring of magical power {unknown}
 u - an uncursed ring of protection from cold {unknown}
 y - an uncursed ring of protection from cold {unknown}
Wands
 r - a wand of paralysis (18/24)
 z - a wand of iceblast (4/15)
 A - a wand of iceblast (8/15)
 E - a wand of lightning (8/15)
 J - a wand of lightning (7/15)
 K - a wand of iceblast (13/15)
Scrolls
 g - 3 scrolls of enchant armour
 t - a scroll of magic mapping
 B - a scroll of enchant weapon
Potions
 b - a potion of haste
 d - 3 potions of curing
 s - a potion of magic
 w - a potion of flight
 x - a potion of heal wounds {unknown}
 C - a potion of lignification {unknown}
 D - a potion of ambrosia {unknown}
 G - a potion of might {unknown}
 I - a potion of brilliance {unknown}
 L - a potion of cancellation {unknown}
Comestibles
 c - 5 bread rations
 i - a royal jelly
 k - 2 beef jerkies
 m - a slice of pizza
 o - a fruit
 q - 6 meat rations
 M - 4 chunks of flesh


   Skills:
 + Level 5.6 Fighting
 * Level 12.2 Maces & Flails
 + Level 6.2 Armour
 + Level 3.6 Dodging
 + Level 2.1 Shields


You had 10 spell levels left.
You didn't know any spells.

Dungeon Overview and Level Annotations

Branches:
Dungeon (9/15)             Temple (0/1) D:6            Lair (1/6) D:9
    Orc: D:9-12

Altars:
Cheibriados
Dithmenos
Elyvilon
Hepliaklqana
Okawaru
Vehumet

Shops:
D:6 %   D:9 :=([:


Innate Abilities, Weirdness & Mutations

You have razor-sharp teeth.
Your natural rate of healing is unusually fast.
When hurt, damage is shared between your health and your magic reserves.
Your bite disrupts and absorbs the magic of your enemies.
Potions cannot restore your health.
You are immune to rotting.


Message History

You feel invigorated.
The porcupine is lightly wounded.
You block the porcupine's attack. The porcupine completely misses you.
You are struck by the porcupine's spines.
* * * LOW HITPOINT WARNING * * *
You barely miss the porcupine.
The porcupine is lightly wounded.
You block the porcupine's attack. The porcupine barely misses you.
You closely miss the porcupine. Your bite misses the porcupine.
The porcupine is lightly wounded.
The porcupine bites you.
* * * LOW HITPOINT WARNING * * *
You hit the porcupine. You freeze the porcupine.
Your bite misses the porcupine.
The porcupine is moderately wounded.
The porcupine bites you!
* * * LOW HITPOINT WARNING * * *
The porcupine closely misses you. The porcupine bites you!
You die...

.................................
..............P..................
..###...###...P....P.............
..# #...###.♣..P...P..###..######
..# #...##.P.....P.P...##..# ..#
#...##P.......P....##..# ..#
#....♣....P.♣...P......# ..#
#..........÷r..........#
..###......P...♣@..........######
..........P.♣.P..P......#........
........#......P....PP..#........
........##.P...P.P.....##........
..###...##.....P.......##..######
..# #...###.P.........###..#
).###...# #..PPP...PP....♣.######
........###............♣.∩.♣.....
.........................♣.......


You could see a porcupine.

Vanquished Creatures
  A hydra (Lair:1)
  2 two-headed ogres (D:9)
  Prince Ribbit (D:5)
  6 yaks (D:9)
  A wyvern (D:5)
  A basilisk (Lair:1)
  2 water moccasins (Lair:1)
  5 porcupines
  2 orc warriors
  An ice beast (D:9)
  8 ogres
  A phantom (D:5)
  3 centaurs
  Blork the orc (D:5)
  2 crocodiles (D:9)
  A big kobold (D:7)
  The ghost of MirrMurr the Ducker, an amateur FeBe of Trog (D:3)
  3 bullfrogs
  A scorpion (D:4)
  A water moccasin skeleton (D:5)
  8 wights
  2 crimson imps
  A bullfrog zombie (D:7)
  8 hounds
  2 orc priests (D:6)
  2 jellies (D:9)
  7 orc wizards
  2 iguanas
  3 worker ants
  2 worker ant zombies
  A howler monkey zombie (D:6)
  3 gnolls (D:5)
  A howler monkey skeleton (D:6)
  9 adders
  An ooze (D:3)
  3 adder skeletons
  A worm (D:2)
  4 dart slugs
  A leopard gecko (D:7)
  25 orcs
  6 giant cockroaches
  9 hobgoblins
  13 jackals
  5 quokkas
  A ball python (D:2)
  7 bats
  4 frilled lizards
  4 goblins
  14 kobolds
  A leopard gecko zombie (D:7)
  8 rats
202 creatures vanquished.

Vanquished Creatures (others)
  A fungus (D:9)
  7 plants (D:9)
8 creatures vanquished.

Grand Total: 210 creatures vanquished

Notes
Turn   | Place    | Note
-------+----------+-------------------------------------------
     0 | D:1      | MirrMurr the Vine Stalker Berserker began the quest for the Orb.
     0 | D:1      | Reached XP level 1. HP: 11/11 MP: 2/2
   134 | D:1      | Reached skill level 3 in Maces & Flails
   208 | D:1      | Reached XP level 2. HP: 15/16 MP: 3/3
   685 | D:2      | Reached XP level 3. HP: 19/19 MP: 4/4
   687 | D:2      | Reached ** piety under Trog
  1522 | D:2      | Gained mutation: Your natural rate of healing is unusually fast. [Vine Stalker growth]
  1522 | D:2      | Reached XP level 4. HP: 23/23 MP: 5/5
  2228 | D:3      | Noticed MirrMurr's ghost (amateur FeBe)
  2238 | D:3      | Killed MirrMurr's ghost
  2238 | D:3      | Reached skill level 4 in Maces & Flails
  2238 | D:3      | Reached XP level 5. HP: 28/28 MP: 6/6
  2593 | D:3      | Found a snail-covered altar of Cheibriados.
  2990 | D:4      | Reached skill level 5 in Maces & Flails
  2990 | D:4      | Reached XP level 6. HP: 15/32 MP: 3/7
  3218 | D:4      | Reached *** piety under Trog
  3680 | D:4      | Reached skill level 6 in Maces & Flails
  3680 | D:4      | Reached XP level 7. HP: 34/36 MP: 8/8
  3772 | D:5      | Entered Level 5 of the Dungeon
  3991 | D:5      | Reached skill level 7 in Maces & Flails
  4178 | D:5      | Noticed a wyvern
  4188 | D:5      | Killed a wyvern
  4188 | D:5      | Gained mutation: You have razor-sharp teeth. [Vine Stalker growth]
  4188 | D:5      | Reached XP level 8. HP: 20/41 MP: 5/9
  4303 | D:5      | Noticed Blork the orc
  4311 | D:5      | Killed Blork the orc
  4312 | D:5      | Found a white marble altar of Elyvilon.
  4493 | D:5      | Found a hazy altar of Hepliaklqana.
  4723 | D:5      | Found an iron altar of Okawaru.
  4723 | D:5      | Noticed Prince Ribbit
  4740 | D:5      | Killed Prince Ribbit
  4740 | D:5      | Reached skill level 8 in Maces & Flails
  4824 | D:6      | Upgraded the game from 0.20-a0-490-g2d938b1 to 0.20-a0-492-g6327889
  4887 | D:6      | Reached **** piety under Trog
  4896 | D:6      | Reached skill level 1 in Shields
  5004 | D:6      | Reached XP level 9. HP: 44/45 MP: 10/10
  5053 | D:6      | Found a shadowy altar of Dithmenos.
  5096 | D:6      | Found a staircase to the Ecumenical Temple.
  5265 | D:6      | Reached skill level 9 in Maces & Flails
  5370 | D:6      | Found Ihuciowk's Food Emporium.
  6316 | D:7      | Found a white marble altar of Elyvilon.
  6320 | D:7      | Found a radiant altar of Vehumet.
  6755 | D:8      | Reached skill level 5 in Armour
  6761 | D:8      | Reached ***** piety under Trog
  6934 | D:8      | Reached skill level 10 in Maces & Flails
  7002 | D:8      | Got a shimmering chain mail
  7242 | D:9      | Found Reidumn's Jewellery Boutique.
  7247 | D:9      | Noticed a two-headed ogre
  7257 | D:9      | Killed a two-headed ogre
  7257 | D:9      | Reached XP level 10. HP: 25/51 MP: 11/11
  7305 | D:9      | Noticed a two-headed ogre
  7312 | D:9      | Killed a two-headed ogre
  7312 | D:9      | Reached skill level 5 in Fighting
  7382 | D:9      | Found Cydich's Antique Weapon Shoppe.
  7391 | D:9      | Reached skill level 11 in Maces & Flails
  7511 | D:9      | Found Puuhuacs's Book Emporium.
  7593 | D:9      | Found a staircase to the Lair.
  7595 | D:9      | Found Raek's Antique Armour Shop.
  7719 | D:9      | Found Baschaikh's Book Shoppe.
  7851 | Lair:1   | Entered Level 1 of the Lair of Beasts
  7871 | Lair:1   | Noticed a four-headed hydra
  7885 | Lair:1   | Killed a four-headed hydra
  7885 | Lair:1   | Received a gift from Trog
  7885 | Lair:1   | Reached skill level 12 in Maces & Flails
  7885 | Lair:1   | Reached XP level 11. HP: 15/56 MP: 12/12
  7909 | D:9      | HP: 2/56 [porcupine (7)]
  7910 | D:9      | Slain by a porcupine

Vault maps used:
D:1:      ncdulo_watergridlock
D:2:      first_bread
D:3:      kennysheep_slug_shrine
D:5:      kennysheep_mini_moat, lemuel_crystal_altar, basic_altar,
          uniq_blork_the_orc, uniq_prince_ribbit1
D:6:      grunt_dithmenos_smoke, serial_shops, shop_statue
D:7:      minitemple
D:9:      minmay_lair_entry_grove, serial_shops, shop, nicolae_shop_trees,
          nicolae_shop_overgrown_old_shop, kennysheep_little_box, shop_statue
Lair:1:   basic_altar, kennysheep_abandoned_house, lemuel_fruit_tree,
          grunt_megastairs_5

Skill      XL: |  1  2  3  4  5  6  7  8  9 10 |
---------------+-------------------------------+-----
Maces & Flails | 3 4 5 6 7 8 10 12 | 12.2
Fighting       | 3 4 5 |  5.6
Armour         | 2 3 4 5 6 |  6.2
Dodging        | 2 3 |  3.6
Shields        | 1 2 |  2.1

Action                   |  1- 3 |  4- 6 |  7- 9 | 10-12 || total
-------------------------+-------+-------+-------+-------++-------
Melee: Mace              |   109 |   145 |   209 |       ||   463
       Bite              |    28 |    35 |   105 |    30 ||   198
       Morningstar       |       |       |    75 |    85 ||   160
Invok: Burn Spellbooks   |     1 |       |       |       ||     1
       Berserk           |       |     2 |     6 |     1 ||     9
       Trog's Hand       |       |     1 |       |       ||     1
  Use: Scroll            |     1 |     3 |     8 |     1 ||    13
 Stab: Sleeping          |     1 |       |       |       ||     1
  Eat: Chunk             |     2 |     5 |    17 |     3 ||    27
       Bread ration      |       |     1 |       |       ||     1
Armor: Animal skin       |     4 |       |       |       ||     4
       Scale mail        |    49 |    64 |    94 |    28 ||   235
Dodge: Dodged            |    71 |    90 |   112 |    43 ||   316
Block: Buckler           |       |       |    38 |    16 ||    54
